 Dungeon Crawl Stone Soup version 0.31-a0-319-g4fced400ed (webtiles) character file.

Game seed: 10681958063781081041

656 mopl the Insei (level 7, -1/46 HPs)
             Began as an Octopode Shapeshifter on July 18, 2023.
             Slain by a gnoll bouda
             ... wielding a +0 club
              (5 damage)
             ... on level 4 of the Dungeon.
             The game lasted 00:04:20 (2919 turns).

mopl the Insei (Octopode Shapeshifter)              Turns: 2919, Time: 00:04:20

Health: -1/46      AC:  5    Str: 14    XL:     7   Next: 55%
Magic:  7/7        EV: 14    Int: 16    God:
Gold:   78         SH:  0    Dex: 15    Spells: 6/6 levels left

rFire   . . .        d - +4 spear
rCold   . . .        (no shield)
rNeg    . . .        (helmet currently unavailable)
rPois   .            (no amulet)
rElec   .            m - +6 ring of intelligence
rCorr   .            o - +4 ring of protection
SInv    .            (no ring)
Will    .....        (no ring)
Stlth   ++           (no ring)
HPRegen 0.27/turn    (no ring)
MPRegen 0.10/turn    (no ring)
                     (no ring)

%: no passive effects
@: beast-form
A: beast (slay +3), almost no armour, amphibious, 8 rings, camouflage 1,
gelatinous body 1, (nimble swimmer 1), tentacles
a: Begin Untransformation


You were on level 4 of the Dungeon.
You were a hulking beast.
You visited 1 branch of the dungeon, and saw 5 of its levels.

You collected 286 gold pieces.
You spent 208 gold pieces at shops.

Inventory:

Hand Weapons
 d - a +4 spear (weapon)
Missiles
 g - 9 poisoned darts (quivered)
 q - a throwing net
Jewellery
 m - a +6 ring of intelligence (left tentacle)
 o - a +4 ring of protection (right tentacle)
Talismans
 b - a beast talisman
Wands
 t - a wand of polymorph (9)
Scrolls
 e - a scroll of brand weapon {unknown}
 f - a scroll of silence {unknown}
 j - 2 scrolls of teleportation {unknown}
 l - 8 scrolls of identify {unknown}
 n - a scroll of fear {unknown}
 p - a scroll of vulnerability {unknown}
 r - a scroll of enchant weapon {unknown}
 s - a scroll of amnesia {unknown}
 u - a scroll of poison {unknown}
Potions
 a - 2 potions of lignification {!q}
 c - 3 potions of curing
 h - a potion of might {unknown}
 i - 3 potions of heal wounds
 k - a potion of attraction {unknown}


   Skills:
 + Level 3.6 Fighting
 + Level 3.6 Dodging
 * Level 5.0 Unarmed Combat
 * Level 4.9 Shapeshifting


You had 6 spell levels left.
You didn't know any spells.
Your spell library contained the following spells:

 Spells                   Type           Power      Damage    Failure   Level
 Necrotise                Necr           0%         1d4       26%         1
 Sandblast                Erth           0%         2d4       26%         1
 Cigotuvi's Dreadful Rot  Necr/Pois/Air  0%         N/A       36%         2
 Passwall                 Tmut/Erth      0%         N/A       36%         2
 Ignite Poison            Fire/Tmut/Pois 0%         N/A       58%         3
 Stone Arrow              Conj/Erth      0%         3d7       58%         3
 Vampiric Draining        Necr           0%         2d6       58%         3
 Agony                    Necr           0%         N/A       100%        5
 Freezing Cloud           Conj/Ice/Air   0%         6-21      100%        5


Dungeon Overview and Level Annotations

Branches:
Dungeon (5/15)
 Temple: D:4-7

Altars:
Cheibriados
Elyvilon
Kikubaaqudgha
Ru
Xom
Zin
The Shining One

Shops:
D:4 *?((*!

Annotations:
D:4 1 runed translucent door, rigao's ghost, novice GrSh


Innate Abilities, Weirdness & Mutations

You are a hulking beast.
Your limbs bulge with bestial killing power. (Slay +3)
You cannot wear most types of armour.
You are amphibious.
You can wear up to eight rings at the same time.
Your skin changes colour to match your surroundings (Stealth+).
Your rubbery body absorbs attacks. (AC +1, EV +1)
((You are camouflaged when in or above water. (Stealth+)))
You have tentacles for arms and can constrict up to eight enemies at once.


Message History

The gnoll hits you but does no damage.
The gnoll hits you from afar with a +0 spear.
Unknown command.
You shred the net and break free!
The gnoll hits you from afar with a +0 spear.
The gnoll hits you with a +0 flail!
* * * LOW HITPOINT WARNING * * *
The gnoll misses you. The gnoll barely misses you.
Unknown command.
The gnoll hits you from afar with a +0 spear.
* * * LOW HITPOINT WARNING * * *
The gnoll misses you. The gnoll hits you but does no damage.
The gnoll closely misses you.
You climb upwards.
Level annotation: 1 runed translucent door, rigao's ghost, novice GrSh
There is a stone staircase leading down, spattered with blood here.
You puncture the gnoll! You grab the gnoll. You squeeze the gnoll.
You kill the gnoll!
The gnoll hits you with a +0 flail.
* * * LOW HITPOINT WARNING * * *
The gnoll bouda hits you with a +0 club.
* * * LOW HITPOINT WARNING * * *
Unknown command.
The gnoll completely misses you.
Things that are here:
a +0 flail; a black bear corpse The gnoll attacks as you move away!
The gnoll misses you.
The gnoll bouda attacks as you move away!
The gnoll bouda misses you.
You puncture the gnoll bouda! You grab the gnoll bouda.
You squeeze the gnoll bouda.
The gnoll bouda is heavily wounded.
You constrict the gnoll bouda, but do no damage.
The gnoll bouda hits you with a +0 club.
* * * LOW HITPOINT WARNING * * *
You hit the gnoll bouda.
The gnoll bouda is almost dead.
You constrict the gnoll bouda, but do no damage.
The gnoll bouda hits you with a +0 club.
You die...

..#.##_..................._# #.
#[#.#########...8...############.
#.#.##...# ##.....##............
#....#..∩######...###.##########.
#...........# ##_## #.# #.
#.####......####### #.# #. ..#
#......##....# #.# #. ###
#......##.######.# #. #
####...'†ggh.....# #.
#########...########### #.
........#...# #. #######.##### #.
#.# #. ### #.# #. ..# #.# #.
#.#####.# ## #.†.....#


You could see a gnoll bouda and a gnoll (swift).

Vanquished Creatures
  Grinder (D:3)
  2 black bears (D:4)
  2 hounds (D:4)
  A sleepcap (D:4)
  An iguana (D:4)
  5 gnolls
  3 adders
  8 worms
  2 dart slugs (D:1)
  2 orcs (D:4)
  6 endoplasms
  A giant cockroach (D:1)
  5 goblins
  7 hobgoblins
  6 kobolds
  3 quokkas
  13 ball pythons
  7 bats
  2 frilled lizards
  3 rats
80 creatures vanquished.

Notes
Turn   | Place    | Note
-------+----------+-------------------------------------------
     0 | D:1      | mopl the Octopode Shapeshifter began the quest for the Orb.
     0 | D:1      | Reached XP level 1. HP: 14/14 MP: 1/1
   146 | D:1      | Reached XP level 2. HP: 19/19 MP: 2/2
   361 | D:1      | Reached XP level 3. HP: 24/24 MP: 3/3
   595 | D:2      | Found a sacrificial altar of Ru.
   720 | D:2      | Reached XP level 4. HP: 29/30 MP: 4/4
   778 | D:2      | Reached skill level 3 in Unarmed Combat
  1374 | D:3      | Noticed Grinder
  1380 | D:3      | Paralysed by Grinder for 5 turns
  1388 | D:3      | Killed Grinder
  1389 | D:3      | Reached skill level 3 in Fighting
  1389 | D:3      | Reached skill level 3 in Dodging
  1389 | D:3      | Reached skill level 4 in Unarmed Combat
  1389 | D:3      | Reached skill level 4 in Shapeshifting
  1389 | D:3      | Reached XP level 5. HP: 4/36 MP: 5/5
  1389 | D:3      | Reached XP level 6. HP: 4/42 MP: 6/6
  2027 | D:4      | Found Lodyrch's Distillery.
  2028 | D:4      | Found Onomm's Assorted Antiques.
  2034 | D:4      | Bought a potion of degeneration for 13 gold pieces
  2034 | D:4      | Bought a potion of curing for 39 gold pieces
  2034 | D:4      | Bought 2 potions of heal wounds for 130 gold pieces
  2037 | D:4      | Found Pocsuotz's Antique Weapon Emporium.
  2052 | D:4      | Bought a scroll labelled LELLUI ESIU for 26 gold pieces
  2106 | D:4      | Found a snail-covered altar of Cheibriados.
  2111 | D:4      | Found a glowing silver altar of Zin.
  2115 | D:4      | Found a shimmering altar of Xom.
  2120 | D:4      | Found an ancient bone altar of Kikubaaqudgha.
  2133 | D:4      | Found a glowing golden altar of the Shining One.
  2164 | D:4      | Found Ohoisoet's Magic Scroll Shoppe.
  2218 | D:4      | Found a runed translucent door.
  2218 | D:4      | Noticed rigao's ghost (novice GrSh)
  2245 | D:4      | Found Gecet's General Store.
  2411 | D:4      | Found Xech's Weapon Shop.
  2462 | D:4      | Found a white marble altar of Elyvilon.
  2766 | D:5      | Entered Level 5 of the Dungeon
  2766 | D:5      | Noticed a black bear
  2774 | D:4      | Killed a black bear
  2775 | D:4      | Reached XP level 7. HP: 39/46 MP: 7/7
  2897 | D:4      | Reached skill level 5 in Unarmed Combat
  2919 | D:4      | Slain by a gnoll bouda

Illustrated notes

Levels and vault maps discovered:
D:1:      ncdulo_lavacross, layout_loops_ring, hangedman_decor_points
D:2:      layout_basic, basic_altar, moated_statue, minmay_indecisive_spiral
D:3:      layout_loops_corners, minmay_fountain_box, uniq_grinder
D:4:      layout_basic, minmay_overflow_temple_star_hex, lemuel_tele_altar,
          gammafunk_ghost_grave, serial_shops, shop, nicolae_square_shop,
          nicolae_stop_n_shop_1, shop, shop, nicolae_stop_n_shop_1
D:5:      layout_cave_pools, hangedman_decor_clover_reticule, uniq_pikel

Skill      XL: |  1  2  3  4  5  6  7 |
---------------+----------------------+-----
Unarmed Combat | 4 5 |  5.0
Fighting       | 3 |  3.6
Dodging        | 3 |  3.6
Shapeshifting  | 4 |  4.9

Action                     |  1- 3 |  4- 6 |  7- 9 || total
---------------------------+-------+-------+-------++-------
  Melee: Spear             |    54 |    80 |    16 ||   150
         Unarmed           |     5 |       |       ||     5
         Constrict         |    12 |    16 |     6 ||    34
         Tentacles         |     6 |    13 |     6 ||    25
         Punch             |     1 |     3 |     1 ||     5
   Stab: Sleeping          |    11 |    10 |     1 ||    22
         Distracted        |     1 |       |       ||     1
 Armour: Skin              |     1 |     9 |     9 ||    19
  Dodge: Dodged            |    14 |    22 |    37 ||    73

Table legend: (Time is in decaauts)
 A = Elapsed time spent in this place.
 B = Non-inter-level travel time spent in this place.
 C = Inter-level travel time spent in this place.
 D = Time resting spent in this place.
 E = Time spent auto-exploring this place.
 F = Levels seen in this place.
 G = Mean time per level.
                   A        B        C        D        E       F      G
               +--------+--------+--------+--------+--------+-----+--------+
         Total |   2934 |   2813 |    121 |    219 |   2086 |   5 |  586.8 |
       Dungeon |   2934 |   2813 |    121 |    219 |   2086 |   5 |  586.8 |
               +--------+--------+--------+--------+--------+-----+--------+

Top non-repeatable levels by time:
     D:4: 904 daAuts
     D:3: 875 daAuts
     D:1: 587 daAuts
     D:2: 522 daAuts
     D:5: 43 daAuts
